 Dungeon Crawl Stone Soup version 0.26-a0-597-gb535b0901c (webtiles) character file.

Game seed: 5260509805265398828

5063 Fingolfin the Skirmisher (level 10, -3/98 HPs)
             Began as a Troll Monk on Sept 7, 2020.
             Was the Champion of Cheibriados.
             Killed by divine providence
             ... invoked by an orc priest
              (14 damage)
             ... on level 9 of the Dungeon.
             The game lasted 00:26:46 (7059 turns).

Fingolfin the Skirmisher (Troll Monk)               Turns: 7059, Time: 00:26:46

Health: -3/98      AC: 11    Str: 36    XL:     10   Next: 31%
Magic:  13/13      EV: 17    Int: 24    God:    Cheibriados [******]
Gold:   35         SH:  0    Dex: 27    Spells: 9/13 levels left

rFire    . . .     SeeInvis .   a - +5 broad axe (elec)
rCold    . . .     Faith    .   (no shield)
rNeg     . . .     Spirit   .   c - +2 robe {Archmagi}
rPois    .         Reflect  .   (helmet restricted)
rElec    .         Harm     .   n - +2 cloak
rCorr    .                      (gloves unavailable)
MR       +....                  (boots unavailable)
Stlth    ++........             F - amulet of the acrobat
HPRegen  0.66/turn              r - ring of protection from magic
MPRegen  0.13/turn              p - +4 ring of evasion

@: very slow
A: large, unfitting armour, claws 3, regeneration 1, shaggy fur 1, tough skin 3
a: Bend Time, Temporal Distortion, Slouch, Step From Time, Renounce Religion


You were on level 9 of the Dungeon.
You worshipped Cheibriados.
Cheibriados was exalted by your worship.
You visited 1 branch of the dungeon, and saw 9 of its levels.

You collected 520 gold pieces.
You spent 485 gold pieces at shops.

Inventory:

Hand Weapons
 a - a +5 broad axe of electrocution (weapon)
Missiles
 d - 144 stones
 e - 6 javelins (quivered)
 v - 24 poisoned darts
 w - 11 boomerangs
Armour
 c - a +2 robe of the Archmagi (worn)
 n - a +2 cloak (worn)
Jewellery
 p - a +4 ring of evasion (right claw)
 r - a ring of protection from magic (left claw)
 A - an uncursed amulet of guardian spirit
 F - an amulet of the acrobat (around neck)
Wands
 m - a wand of flame (23)
 y - a wand of paralysis (16)
 G - a wand of polymorph (9)
Scrolls
 h - 2 scrolls of fear
 k - 6 scrolls of amnesia
 l - 7 scrolls of remove curse
 o - 2 scrolls of magic mapping
 q - 8 scrolls of teleportation
 u - a scroll of immolation {unknown}
 x - a scroll of summoning
 D - 3 scrolls of blinking
 E - a scroll of vulnerability {unknown}
Potions
 b - 2 potions of magic {unknown}
 f - a potion of brilliance {unknown}
 g - a potion of cancellation
 i - 6 potions of curing
 j - 2 potions of heal wounds {unknown}
 s - a potion of resistance
 t - a potion of might
 z - 2 potions of ambrosia
 C - 2 potions of haste


   Skills:
 - Level 6.1 Fighting
 + Level 4.5(4.8) Axes
   Level 2.6(4.2) Maces & Flails
 - Level 6.0 Throwing
 * Level 3.9 Armour
 - Level 4.0 Dodging
 - Level 1.0 Stealth
 - Level 2.0 Spellcasting
 - Level 2.0 Necromancy
 - Level 2.0 Translocations
 - Level 6.0 Invocations


You had 9 spell levels left.
You knew the following spells:

 Your Spells              Type           Power        Failure   Level
a - Animate Skeleton      Necr           ###...       5%          1
b - Blink                 Tloc           N/A          8%          2
t - Apportation           Tloc           ###...       5%          1

Your spell library contained the following spells:

 Spells                   Type           Power        Failure   Level
 Corona                   Hex            #......      12%         1
 Magic Dart               Conj           #...         12%         1
 Shock                    Conj/Air       #...         12%         1
 Summon Small Mammal      Summ           #...         12%         1
 Call Imp                 Summ           #.......     19%         2
 Slow                     Hex            #.......     19%         2
 Swiftness                Air            #.......     19%         2
 Conjure Flame            Conj/Fire      #.......     34%         3
 Mephitic Cloud           Conj/Pois/Air  #.......     34%         3
 Static Discharge         Conj/Air       #.......     34%         3
 Airstrike                Air            #.........   75%         4
 Lightning Bolt           Conj/Air       #.........   97%         5


Dungeon Overview and Level Annotations

Branches:
Dungeon (9/15)             Temple (0/1) D:7             Orc (0/2) D:9
   Lair: D:8-11

Altars:
Ashenzari
Cheibriados
Dithmenos
Fedhas
Kikubaaqudgha
Okawaru
Ru
Trog
Zin
Beogh

Shops:
D:6 *   D:9 ?


Innate Abilities, Weirdness & Mutations

You are too large for most types of armour.
You have claws for hands.
Your natural rate of healing is unusually fast.
You are covered in fur. (AC +1)
You have extremely tough skin. (AC +3)


Message History

You kill the orc!
Cheibriados thoroughly appreciates the change of pace.
You hit the orc.
You kill the orc!
Cheibriados thoroughly appreciates the change of pace.
Cheibriados raises the support of your attributes as your movement slows.
You hit the orc priest.
Lightning courses through the orc priest!
You kill the orc priest!
Cheibriados thoroughly appreciates the change of pace.
The orc priest invokes the aid of Beogh against you.
Beogh smites you!
* * * LOW HITPOINT WARNING * * *
The orc closely misses you.
The orc priest looks braver for a moment.
The orc warrior barely misses you.
You fail to use your ability.
The orc priest invokes the aid of Beogh against you.
Beogh smites you!
You die...

#.###..........#
#.# ##########.#
####.#### #.##
........#
###.#.########
..<.........
..###........
#.#####..###
###.#.####..##
#.#.. ..###
#.##.## #.#.#
......#.))######
#.#.#
.##...)@).......
#...#
...###8o8#####8o
##..#


#.ooooo .#..# #.oooooo. #...###### #...ooo_..⌠ ##...)...# #....oo.... #...####.#
#......>... .#..# ############ #.# ##..# .......#...# #.# You could see 3 orc
warriors, 3 orc priests and 11 orcs.

Vanquished Creatures
  An unseen horror (D:9)
  An ugly thing (D:6)
  A hornet (D:7)
  Grinder (D:3)
  7 orc warriors
  A sky beast (D:7)
  2 ogres
  A necrophage (D:9)
  4 phantoms
  7 centaurs
  A big kobold (D:9)
  4 bullfrogs
  A scorpion (D:4)
  4 killer bees (D:7)
  4 wights (D:9)
  2 bullfrog zombies
  A quasit (D:5)
  7 hounds
  2 jellies
  6 orc priests
  An iguana (D:5)
  4 orc wizards
  7 worker ants
  2 hound skeletons (D:4)
  A worker ant zombie (D:7)
  Robin (D:3)
  10 adders
  2 shadow imps
  An ooze (D:4)
  2 adder zombies
  2 worms
  A dart slug (D:2)
  3 leopard geckos
  36 orcs
  4 bats
  6 giant cockroaches
  12 goblins
  7 hobgoblins
  24 jackals
  3 quokkas
  5 frilled lizards
  9 kobolds
  2 quokka skeletons
  13 rats
  8 bushes (D:5)
224 creatures vanquished.

Vanquished Creatures (others)
  A plant (D:3)
1 creature vanquished.

Grand Total: 225 creatures vanquished

Notes
Turn   | Place    | Note
-------+----------+-------------------------------------------
     0 | D:1      | Fingolfin the Troll Monk began the quest for the Orb.
     0 | D:1      | Reached XP level 1. HP: 22/22 MP: 0/0
    65 | D:1      | Found a snail-covered altar of Cheibriados.
    80 | D:1      | Reached XP level 2. HP: 29/29 MP: 1/1
   101 | D:1      | Became a worshipper of Cheibriados the Contemplative
   101 | D:1      | Reached * piety under Cheibriados
   101 | D:1      | Reached ** piety under Cheibriados
   392 | D:1      | Reached XP level 3. HP: 31/37 MP: 2/2
   766 | D:2      | Found a glowing silver altar of Zin.
   767 | D:2      | Found a sacrificial altar of Ru.
   767 | D:2      | Found an iron altar of Okawaru.
  1515 | D:2      | Reached *** piety under Cheibriados
  1810 | D:3      | Reached XP level 4. HP: 48/48 MP: 3/3
  1837 | D:3      | Noticed Grinder
  1843 | D:3      | Noticed Robin
  1845 | D:3      | Killed Grinder
  1845 | D:3      | Reached XP level 5. HP: 47/55 MP: 3/5
  1858 | D:3      | Killed Robin
  1858 | D:3      | Reached XP level 6. HP: 26/65 MP: 0/7
  2134 | D:3      | Reached skill level 5 in Fighting
  2160 | D:3      | Reached **** piety under Cheibriados
  2295 | D:3      | Found a shattered altar of Ashenzari.
  2420 | D:4      | Found an ancient bone altar of Kikubaaqudgha.
  2421 | D:4      | Found a snail-covered altar of Cheibriados.
  2632 | D:4      | Reached XP level 7. HP: 33/72 MP: 8/8
  2812 | D:4      | Noticed a moth of wrath
  2815 | D:4      | Found a bloodstained altar of Trog.
  3175 | D:4      | Learned a level 1 spell: Apportation
  3178 | D:4      | Learned a level 2 spell: Blink
  3180 | D:4      | Learned a level 1 spell: Animate Skeleton
  3621 | D:5      | Entered Level 5 of the Dungeon
  3798 | D:5      | Reached skill level 1 in Necromancy
  3830 | D:5      | Reached ***** piety under Cheibriados
  3841 | D:5      | Reached skill level 1 in Translocations
  3927 | D:5      | Reached skill level 1 in Throwing
  3989 | D:5      | Reached XP level 8. HP: 78/83 MP: 10/10
  4045 | D:5      | Found a blossoming altar of Fedhas.
  4101 | D:5      | Reached skill level 1 in Spellcasting
  4274 | D:6      | Reached skill level 1 in Axes
  4274 | D:6      | Reached skill level 5 in Invocations
  4513 | D:6      | Found Kiekh's Assorted Antiques.
  4524 | D:6      | Bought a scroll labeled POIJ CONAOGI for 23 gold pieces
  4524 | D:6      | Bought a scroll labeled IXOZ XAMPEMUB for 23 gold pieces
  4524 | D:6      | Bought a fizzy puce potion for 20 gold pieces
  4524 | D:6      | Bought a scroll labeled XIACHO ALAV for 23 gold pieces
  4524 | D:6      | Bought a scroll labeled HEPOYSA GEUNY for 23 gold pieces
  4524 | D:6      | Bought a ruby potion for 20 gold pieces
  4524 | D:6      | Bought a scroll labeled XIACHO ALAV for 23 gold pieces
  4583 | D:6      | Bought a small citrine amulet for 115 gold pieces
  4720 | D:6      | Noticed a cyan ugly thing
  4993 | D:6      | Killed a cyan ugly thing
  4993 | D:6      | Reached XP level 9. HP: 58/89 MP: 1/12
  5209 | D:6      | Bought a tapered copper wand for 92 gold pieces
  5251 | D:7      | Paralysed by a hornet for 1 turns
  5262 | D:7      | HP: 4/89 [poisoned by a hornet]
  5267 | D:7      | HP: 4/89 [poisoned by a hornet]
  5272 | D:7      | HP: 4/89 [poisoned by a hornet]
  5651 | D:7      | Found a staircase to the Ecumenical Temple.
  5753 | D:7      | Reached skill level 5 in Throwing
  5916 | D:7      | Found a shadowy altar of Dithmenos.
  6054 | D:8      | Reached skill level 1 in Armour
  6474 | D:8      | Reached XP level 10. HP: 92/98 MP: 13/13
  6677 | D:9      | Killed an unseen horror
  6810 | D:9      | Found Azirunk's Magic Scroll Emporium.
  6818 | D:9      | Bought a scroll of summoning for 123 gold pieces
  7051 | D:9      | Found a staircase to the Orcish Mines.
  7054 | D:9      | Found a roughly hewn altar of Beogh.
  7058 | D:9      | Reached ****** piety under Cheibriados
  7059 | D:9      | Killed from afar by an orc priest

Illustrated notes

Levels and vault maps discovered:
D:1:      heliophobic_arrival_battle_scene, layout_basic, cheibriados_altar_1
D:2:      wad_lake_hut, layout_basic, chequers_temple_overflow_statue_of_worship
D:3:      layout_loops_cross, serial_bayou_pond_d, glass_columns_b,
          kennysheep_flooded_box, fountainhead, st_stairs_12, uniq_grinder,
          uniq_robin
D:4:      layout_basic, tgw_trog, grunt_temple_overflow_open
D:5:      layout_basic, fedhas_bush_and_centaur_altar, kb_lookout_dungeons_type,
          kennysheep_generic_room_12
D:6:      layout_loops_ring, serial_shops, shop
D:7:      layout_gridville, grunt_dithmenos_smoke, minmay_temple_entry_poolview
D:8:      layout_rooms
D:9:      layout_loops_ring, kennysheep_little_box, david_orc_5, serial_shops,
          shop

Skill      XL: |  1  2  3  4  5  6  7  8  9 10 |
---------------+-------------------------------+-----
Fighting       | 3 4 5 6 |  6.1
Invocations    | 2 3 4 5 6 |  6.0
Necromancy     | 1 2 |  2.0
Translocations | 1 2 |  2.0
Throwing       | 1 2 6 |  6.0
Spellcasting   | 1 2 |  2.0
Axes           | 2 4 |  4.5
Armour         | 2 3 |  3.9
Dodging        | 3 4 |  4.0
Maces & Flails | |  2.6
Stealth        | |  1.0

Action                   |  1- 3 |  4- 6 |  7- 9 | 10-12 || total
-------------------------+-------+-------+-------+-------++-------
Melee: Mace              |   171 |    48 |       |       ||   219
       Whip              |       |    97 |   186 |       ||   283
       Flail             |       |    12 |       |       ||    12
       Broad axe         |       |       |   219 |    40 ||   259
Throw: Stone             |    16 |     3 |    77 |       ||    96
       Javelin           |       |     6 |    12 |     4 ||    22
 Cast: Apportation       |       |       |     1 |       ||     1
Invok: Temporal Distorti |       |     1 |       |       ||     1
       Slouch            |       |       |     2 |       ||     2
Evoke: Wand              |       |       |     1 |       ||     1
  Use: Potion            |       |     2 |       |       ||     2
       Scroll            |       |       |    22 |       ||    22
 Stab: Sleeping          |     3 |     2 |     2 |       ||     7
       Paralysed         |       |       |     1 |       ||     1
Armor: Robe              |   107 |   102 |   116 |    16 ||   341
       Skin              |       |    49 |       |       ||    49
Dodge: Dodged            |   140 |   134 |   300 |    69 ||   643

Table legend: (Time is in decaauts)
 A = Elapsed time spent in this place.
 B = Non-inter-level travel time spent in this place.
 C = Inter-level travel time spent in this place.
 D = Time resting spent in this place.
 E = Time spent auto-exploring this place.
 F = Levels seen in this place.
 G = Mean time per level.
                   A        B        C        D        E       F      G
               +--------+--------+--------+--------+--------+-----+--------+
         Total |  11134 |  10581 |    553 |    569 |   7861 |   9 | 1237.1 |
       Dungeon |  11134 |  10581 |    553 |    569 |   7861 |   9 | 1237.1 |
               +--------+--------+--------+--------+--------+-----+--------+

Top non-repeatable levels by time:
     D:4: 1895 daAuts
     D:6: 1618 daAuts
     D:2: 1381 daAuts
     D:3: 1188 daAuts
     D:7: 1132 daAuts
     D:8: 1030 daAuts
     D:5: 1030 daAuts
     D:1: 990 daAuts
     D:9: 868 daAuts
